 Dungeon Crawl Stone Soup version 0.19-a0-1714-gcab94ab (webtiles) character file.

32 st0uf the Skirmisher (level 3, 22/29 HPs)
             Began as a Demonspawn Fighter on Sept 28, 2016.
             Quit the game on level 3 of the Dungeon.
             The game lasted 00:04:01 (846 turns).

st0uf the Skirmisher (Demonspawn Fighter)            Turns: 846, Time: 00:04:02

Health: 22/29      AC:  7    Str: 16    XL:     3   Next: 8%
Magic:  3/3        EV:  9    Int:  9    God:
Gold:   22         SH:  0    Dex: 13    Spells: 0 memorised, 2 levels left

rFire  . . .     SeeInvis .     a - +0 long sword
rCold  . . .     Gourm    .     b - +0 scale mail
rNeg   . . .     Faith    .     (no shield)
rPois  .         Spirit   .     (no helmet)
rElec  .         Dismiss  .     (no cloak)
rCorr  .         Reflect  .     (no gloves)
MR     .....     Harm     .     (no boots)
Stlth  +.........               l - amulet of rage
                                (no ring)
                                (no ring)

@: mildly poisoned (22 -> 20)
A: hooves 1, nightstalker 1
a: Evoke Berserk Rage


You were on level 3 of the Dungeon.
You were not hungry.

You visited 1 branch of the dungeon, and saw 3 of its levels.

You collected 22 gold pieces.

Inventory:

Hand Weapons
 a - a +0 long sword (weapon)
Armour
 b - a +0 scale mail (worn)
 c - a +0 shield
Jewellery
 l - an amulet of rage (around neck)
Scrolls
 e - a scroll of blinking {unknown}
 h - a scroll of immolation {unknown}
 j - a scroll of remove curse {unknown}
 k - a scroll of magic mapping {unknown}
 m - a scroll of teleportation {unknown}
Potions
 d - a potion of might
Comestibles
 f - 2 bread rations
 g - 3 fruits
 i - a meat ration


   Skills:
 * Level 3.2 Fighting
 * Level 2.5 Long Blades
 + Level 2.9 Armour
 + Level 1.0 Dodging
 - Level 2.6 Shields


You had 2 spell levels left.
You didn't know any spells.

Dungeon Overview and Level Annotations

Branches:
Dungeon (3/15)

Altars:
Hepliaklqana
Xom
The Shining One

Annotations:
D:2 Sigmund


Innate Abilities, Weirdness & Mutations

You have large cloven feet.
You are slightly more attuned to the shadows.


Message History

You feel sick. The adder barely misses you.
The adder bites you but does no damage.
You closely miss the adder.
The adder is moderately wounded.
The adder barely misses you. The adder bites you but does no damage.
You hit the adder.
The adder is almost dead.
The adder bites you.
You barely miss the adder. Your kick misses the adder.
The adder is almost dead.
You feel sick.
The adder bites you but does no damage. x2
You hit the adder.
You kill the adder!
Your Dodging skill increases to level 1!
You have reached level 3!
Your experience leads to an increase in your attributes!
Increase (S)trength, (I)ntelligence, or (D)exterity?
You feel agile.
Your demonic ancestry asserts itself...
You slip into the darkness of the dungeon.
Are you sure you want to abandon this character and quit the game? (Confirm with "yes".)

#...# # #.
#...##.#
###.##...'..#
.......<.####
##.#......#
#......#
#...._.#
#......###
#....@.'.#
#......#.#
#####....#
#.#....
#.....#.#
####..# # ...
....


There were no monsters in sight!

Vanquished Creatures
  An adder (D:3)
  A giant cockroach (D:1)
  3 goblins
  2 hobgoblins
  4 jackals (D:2)
  A quokka (D:2)
  4 bats
  A kobold (D:1)
  4 rats (D:1)
21 creatures vanquished.

Notes
Turn   | Place    | Note
-------+----------+-------------------------------------------
     0 | D:1      | st0uf the Demonspawn Fighter began the quest for the Orb.
     0 | D:1      | Reached XP level 1. HP: 18/18 MP: 1/1
   184 | D:1      | Gained mutation: You have large cloven feet. [demonic ancestry]
   184 | D:1      | Reached XP level 2. HP: 23/24 MP: 2/2
   204 | D:2      | Noticed Sigmund
   586 | D:2      | Found a shimmering altar of Xom.
   587 | D:2      | Found a hazy altar of Hepliaklqana.
   587 | D:2      | Noticed a hell beast
   589 | D:2      | Noticed a spectral ugly thing
   589 | D:2      | Noticed a hell beast
   826 | D:3      | Found a glowing golden altar of the Shining One.
   845 | D:3      | Reached skill level 1 in Dodging
   845 | D:3      | Gained mutation: You are slightly more attuned to the shadows. [demonic ancestry]
   845 | D:3      | Reached XP level 3. HP: 21/29 MP: 3/3
   846 | D:3      | Quit the game

Vault maps used:
D:1:      dpeg_arrival_prison
D:2:      regret_index_temple_of_mockery, first_bread, uniq_sigmund
D:3:      lemuel_crystal_altar, old_standard_altar,
          nicolae_gozag_cash_rules_everything_around_me,
          overflow_temple_1_default

Skill      XL: |  1  2 |
---------------+-------+-----
Long Blades    | 2 |  2.5
Dodging        | 1 |  1.0
Fighting       | |  3.2
Armour         | |  2.9
Shields        | |  2.6

Action                   || total
-------------------------++-------
Melee: Long sword        ||    78
       Kick              ||     9
Armor: Scale mail        ||    35
Dodge: Dodged            ||    43
